 Dungeon Crawl Stone Soup version 0.26.1-11-gd32895ea62 (webtiles) character file.

Game seed: 2674122876812663602

483 scsoc the Ducker (level 7, -13/54 HPs)
             Began as a Human Gladiator on July 6, 2021.
             Mangled by a gnoll
             ... wielding a +0 halberd
              (15 damage)
             ... on level 4 of the Dungeon.
             The game lasted 00:13:49 (5140 turns).

scsoc the Ducker (Human Gladiator)                  Turns: 5140, Time: 00:13:50

Health: -13/54     AC:  6    Str: 22    XL:     7   Next: 34%
Magic:  7/7        EV: 14    Int:  9    God:
Gold:   160        SH:  5    Dex: 12    Spells: 6/6 levels left

rFire    + . .     SeeInvis .   i - +0 short sword
rCold    . . .     Faith    .   (no shield)
rNeg     . . .     Spirit   .   b - +0 leather armour
rPois    .         Reflect  +   c - +1 helmet
rElec    +         Harm     .   (no cloak)
rCorr    .         Rampage  .   (no gloves)
Will     +....                  p - +0 pair of boots
Stlth    ++........             e - amulet of reflection
HPRegen  0.18/turn              n - ring of protection from fire
MPRegen  0.10/turn              h - +6 ring of strength

@: no status effects
A: clumsy 1, strong-willed 1, electricity resistance
a: no special abilities


You were on level 4 of the Dungeon.
You visited 1 branch of the dungeon, and saw 4 of its levels.

You collected 160 gold pieces.

Inventory:

Hand Weapons
 i - a +0 short sword (weapon)
Missiles
 d - 3 throwing nets (quivered)
Armour
 b - a +0 leather armour (worn)
 c - a +1 helmet (worn)
 p - a +0 pair of boots (worn)
Jewellery
 e - an amulet of reflection (around neck)
 h - a +6 ring of strength (right hand)
 l - a +4 ring of protection {unknown}
 n - a ring of protection from fire (left hand)
Wands
 o - a wand of acid (6)
Scrolls
 f - 3 scrolls of amnesia
 k - a scroll of remove curse
 m - a scroll of enchant weapon {unknown}
Potions
 a - a potion of curing
 g - a potion of might
 j - 2 potions of heal wounds


   Skills:
 + Level 4.0 Fighting
 + Level 4.6 Short Blades
 - Level 2.0 Throwing
 + Level 4.6 Dodging
 + Level 3.7 Stealth


You had 6 spell levels left.
You didn't know any spells.
Your spell library was empty.

Dungeon Overview and Level Annotations

Branches:
Dungeon (4/15)
 Temple: D:4-7

Altars:

Annotations:
D:4 3 runed translucent doors, NOTTavin's ghost, amateur GnFi


Innate Abilities, Weirdness & Mutations

You are clumsy. (Dex -2)
You are strong-willed. (Will+)
You are resistant to electric shocks. (rElec)


Message History

The gnoll shaman calls upon its god to speed up the gnoll.
The gnoll seems to speed up.
The gnoll shaman calls upon its god to speed up the gnoll.
The gnoll seems to speed up.
An orc comes into view. It is wielding a +0 club.
The gnoll hits you from afar with a +0 halberd!
* * * LOW HITPOINT WARNING * * *
The gnoll misses you.
The orc shouts!
The gnoll closely misses you.
Things that are here:
a +0 giant club; a jackal corpse; a jackal corpse The gnoll hits you from afar with a +0 halberd.
* * * LOW HITPOINT WARNING * * *
The gnoll hits you from afar with a +0 halberd!
* * * LOW HITPOINT WARNING * * *
The gnoll hits you from afar with a +0 halberd.
* * * LOW HITPOINT WARNING * * *
The gnoll hits you from afar with a +0 halberd!
You die...

####### ......#######
............#
.......####.#
.......####.############
........o.g..gg.@.......
......o########.########
........................
......#########.########
......# #.#..
>.....###### #.#.#
#..o.......# #.#.#
#.(........# #.#.######
#..........# #........+


You could see a gnoll shaman and 2 gnolls.

Vanquished Creatures
  2 ogres
  2 orc priests (D:3)
  3 orc wizards (D:3)
  A gnoll (D:4)
  6 adders
  2 oozes
  2 worms
  3 leopard geckos
  15 orcs (D:3)
  4 giant cockroaches
  10 goblins
  4 hobgoblins
  7 jackals
  12 kobolds
  2 quokkas
  A ball python (D:1)
  5 bats
  4 rats
85 creatures vanquished.

Notes
Turn   | Place    | Note
-------+----------+-------------------------------------------
     0 | D:1      | scsoc the Human Gladiator began the quest for the Orb.
     0 | D:1      | Reached XP level 1. HP: 16/16 MP: 1/1
   269 | D:1      | Reached XP level 2. HP: 22/22 MP: 2/2
   943 | D:1      | Reached skill level 1 in Stealth
   985 | D:1      | Reached XP level 3. HP: 27/28 MP: 3/3
  1510 | D:2      | Reached XP level 4. HP: 24/34 MP: 4/4
  1973 | D:2      | Gained mutation: You are clumsy. (Dex -2) [potion of
                  | mutation]
  1973 | D:2      | Gained mutation: You are strong-willed. (Will+) [potion of
                  | mutation]
  1973 | D:2      | Gained mutation: You are resistant to electric shocks.
                  | (rElec) [potion of mutation]
  2341 | D:3      | Reached XP level 5. HP: 21/40 MP: 5/5
  2826 | D:3      | Noticed an ogre
  3608 | D:3      | Reached XP level 6. HP: 14/47 MP: 6/6
  4475 | D:3      | Killed an ogre
  4476 | D:3      | Reached XP level 7. HP: 37/53 MP: 7/7
  4933 | D:4      | Found a runed translucent gate.
  4934 | D:4      | Found a runed translucent gate.
  4935 | D:4      | Found a runed translucent gate.
  4935 | D:4      | Noticed NOTTavin's ghost (amateur GnFi)
  4935 | D:4      | Identified the cursed +2 whip "Impslayer" {drain, rF- rC-
                  | Dex+5}
  5138 | D:4      | HP: 2/54 [gnoll/+0 halberd (5)]
  5140 | D:4      | Mangled by a gnoll

Illustrated notes

Levels and vault maps discovered:
D:1:      lemuel_arrival_broad_hall, layout_basic
D:2:      layout_rooms
D:3:      layout_basic, serial_corexii_hall, chequers_hall_statues_wall_a,
          chequers_hall_statues_wall_a
D:4:      minmay_wonky_spiral, layout_basic, portal_sewer_entry_d,
          gammafunk_ghost_nasty_kobolds, uniq_grinder

Skill      XL: |  1  2  3  4  5  6  7 |
---------------+----------------------+-----
Stealth        | 1 2 3 |  3.7
Fighting       | 3 4 |  4.0
Dodging        | 4 |  4.6
Short Blades   | 4 |  4.6
Throwing       | |  2.0

Action                   |  1- 3 |  4- 6 |  7- 9 || total
-------------------------+-------+-------+-------++-------
Melee: Short sword       |   145 |   407 |    61 ||   613
       Rapier            |     6 |       |       ||     6
  Use: Scroll            |     5 |     6 |     2 ||    13
       Potion            |     2 |     3 |     2 ||     7
 Stab: Sleeping          |       |     4 |       ||     4
Armor: Leather armour    |    48 |    71 |     6 ||   125
Dodge: Dodged            |   124 |   194 |    33 ||   351
Block: Other             |    34 |    72 |    13 ||   119
       Reflection        |     1 |     5 |       ||     6
